 Dungeon Crawl Stone Soup version 0.29.0-4-gdea44cf6ec (webtiles) character file.

Game seed: 10239876385585081806

102 qw the Chopper (level 4, -2/26 HPs)
             Began as a Tengu Warper on Aug 28, 2022.
             Slain by Robin
             ... wielding a +3 falchion of protection
              (7 damage)
             ... on level 2 of the Dungeon.
             The game lasted 00:00:12 (2227 turns).

qw the Chopper (Tengu Warper)                       Turns: 2227, Time: 00:00:12

Health: -2/26      AC:  5    Str: 14    XL:     4   Next: 77%
Magic:  8/8        EV: 11    Int: 13    God:
Gold:   162        SH:  0    Dex: 13    Spells: 7/7 levels left

rFire   . . .      SeeInvis .   Y - +0 hand axe
rCold   . . .      Faith    .   (no shield)
rNeg    . . .      Spirit   .   e - +0 ring mail
rPois   .          Reflect  .   (helmet restricted)
rElec   .          Harm     .   (no cloak)
rCorr   .          Rampage  .   (no gloves)
Will    .....                   (boots unavailable)
Stlth   +.........              (no amulet)
HPRegen 0.08/turn               (no ring)
MPRegen 0.11/turn               (no ring)

@: no status effects
A: beak, talons 3
a: no special abilities


You were on level 2 of the Dungeon.
You visited 1 branch of the dungeon, and saw 2 of its levels.

You collected 162 gold pieces.


Innate Abilities, Weirdness & Mutations

You have a beak for a mouth.
You have claws for feet.


   Skills:
 - Level 2.0 Fighting
 + Level 5.3 Axes
 - Level 1.0 Throwing
 - Level 1.1 Armour
 - Level 2.1 Dodging
 - Level 2.0 Spellcasting
 - Level 2.4 Translocations


You had 7 spell levels left.
You didn't know any spells.
Your spell library contained the following spells:

 Spells                   Type           Power      Damage    Failure   Level
 Blink                    Tloc           14%        N/A       30%         2
 Gell's Gravitas          Tloc           7%         N/A       52%         3
 Lesser Beckoning         Tloc           7%         N/A       52%         3
 Teleport Other           Tloc           7%         N/A       52%         3
 Manifold Assault         Tloc           7%         N/A       99%         5

Inventory:

Hand Weapons
 f - a +0 whip
 Y - a +0 hand axe (weapon)
Armour
 e - a +0 ring mail (worn)
Scrolls
 a - 2 scrolls of identify
 b - a scroll of teleportation {unknown}
 c - a scroll of butterflies {unknown}
Potions
 d - a potion of flight {unknown}
 g - a potion of mutation {unknown}
 h - a potion of cancellation {unknown}
 j - a potion of curing

Dungeon Overview and Level Annotations

Branches:
Dungeon (2/15)

Altars:
Qazlal

Annotations:
D:2 Robin


Message History

You peck the hobgoblin.
The hobgoblin is almost dead.
You hit the goblin but do no damage. The goblin hits you with a +0 club.
The hobgoblin hits you but does no damage.
Robin throws the goblin at you!
You barely miss the hobgoblin. Your kick misses the hobgoblin.
The hobgoblin is almost dead.
You hit the goblin.
You kill the goblin!
You closely miss the goblin. The goblin hits you but does no damage.
The hobgoblin hits you.
You hit the hobgoblin.
You kill the hobgoblin!
You hit the goblin.
You kill the goblin!
You miss the goblin. The goblin hits you but does no damage.
The goblin misses you.
You hit Robin.
Robin is moderately wounded.
You barely miss the goblin. You hit the goblin. The goblin closely misses you.
The goblin barely misses you. Robin throws the goblin at you!
You hit the goblin.
You kill the goblin!
You hit Robin but do no damage. You barely miss the goblin.
The goblin closely misses you.
Robin hits you with a +3 falchion of protection.
You hit Robin.
Robin is heavily wounded.
You barely miss the goblin. The goblin hits you with a +0 dagger.
Robin hits you with a +3 falchion of protection.
You hit Robin but do no damage. You claw Robin, but do no damage.
You peck Robin, but do no damage.
Robin is moderately wounded.
You barely miss the goblin. The goblin hits you with a +0 dagger.
Robin hits you with a +3 falchion of protection!
You die...

#.### #.#.# #.#.. #.#.#
#.#.# ############)#.#
#.........##.#.#.#########
#.......))ggg)............
#.......g@##.#...#########
######.#######.#..g# #
#......# #.#.g.# #
#..[...# #.#...# #
#......# #.#g..# #
#......#######.#.g.# #
#>...........#.#.g.# #
#.......####.#.# #
#.......# #.# #


You could see Robin, a hobgoblin (strong) and 2 goblins.

Vanquished Creatures
  Jessica (D:2)
  An adder (D:2)
  2 worms (D:2)
  A dart slug (D:2)
  2 ball pythons
  5 endoplasms
  A giant cockroach (D:1)
  9 goblins
  7 hobgoblins
  6 jackals (D:1)
  4 kobolds
  3 quokkas
  3 bats (D:1)
  4 frilled lizards
  3 rats
52 creatures vanquished.

Notes
Turn   | Place    | Note
-------+----------+-------------------------------------------
     0 | D:1      | qw the Tengu Warper began the quest for the Orb.
     0 | D:1      | Reached XP level 1. HP: 12/12 MP: 4/4
     0 | D:1      | 0 ||| qw: Version: 0.1-a-89-g26bdef1
     0 | D:1      | 0 ||| qw: Game counter: 1723
     0 | D:1      | 0 ||| qw: Always use a shield: true
     0 | D:1      | 0 ||| qw: God list: Okawaru
     0 | D:1      | 0 ||| qw: Allow faded altars: false
     0 | D:1      | 0 ||| qw: Do Orc after D:15 true
     0 | D:1      | 0 ||| qw: Do second Lair branch before Depths: true
     0 | D:1      | 0 ||| qw: Lair rune preference: random
     0 | D:1      | 0 ||| qw: Plans: Normal
     0 | D:1      | 0 ||| PLANNING D:1-11
    21 | D:1      | 21 ||| Stepping ~*~*~tactically~*~*~ (stealth).
    23 | D:1      | 23 ||| Stepping ~*~*~tactically~*~*~ (stealth).
    25 | D:1      | 25 ||| Stepping ~*~*~tactically~*~*~ (stealth).
   200 | D:1      | 200 ||| Stepping ~*~*~tactically~*~*~ (stealth).
   202 | D:1      | Reached XP level 2. HP: 17/17 MP: 6/6
   207 | D:1      | Reached skill level 3 in Axes
   308 | D:1      | 308 ||| Stepping ~*~*~tactically~*~*~ (stealth).
   526 | D:1      | 526 ||| Stepping ~*~*~tactically~*~*~ (stealth).
   537 | D:1      | Reached XP level 3. HP: 15/21 MP: 7/7
   722 | D:1      | 722 ||| Stepping ~*~*~tactically~*~*~ (stealth).
   723 | D:1      | 723 ||| Stepping ~*~*~tactically~*~*~ (stealth).
   724 | D:1      | 724 ||| Stepping ~*~*~tactically~*~*~ (stealth).
  1152 | D:1      | Reached skill level 4 in Axes
  1460 | D:1      | 1460 ||| UPGRADING to +0 ring mail.
  1470 | D:1      | 1470 ||| DROPPING +0 leather armour.
  1471 | D:1      | 1471 ||| DROPPING amulet of faith.
  1472 | D:1      | 1472 ||| DROPPING ring of magical power.
  1473 | D:1      | 1473 ||| READING scroll labelled ECISOUDGHERPH.
  1474 | D:1      | 1474 ||| READING scroll labelled QUSHRE SUENECUQUVA.
  1475 | D:1      | 1475 ||| DROPPING scroll of blinking.
  1686 | D:2      | Found a stormy altar of Qazlal.
  1710 | D:2      | Found a faded altar of an unknown god.
  1711 | D:2      | Noticed a great orb of eyes
  1713 | D:2      | Noticed a floating eye
  1778 | D:2      | Noticed a golden eye
  1796 | D:2      | Noticed Jessica
  1797 | D:2      | Noticed an eye of devastation
  1802 | D:2      | 1802 ||| Stepping ~*~*~tactically~*~*~ (hiding).
  1803 | D:2      | 1803 ||| Stepping ~*~*~tactically~*~*~ (hiding).
  1811 | D:2      | Killed Jessica
  1812 | D:2      | Reached XP level 4. HP: 26/26 MP: 8/8
  2019 | D:2      | 2019 ||| Stepping ~*~*~tactically~*~*~ (hiding).
  2028 | D:2      | Reached skill level 5 in Axes
  2206 | D:2      | 2206 ||| Stepping ~*~*~tactically~*~*~ (stealth).
  2208 | D:2      | Noticed Robin
  2209 | D:2      | 2209 ||| Stepping ~*~*~tactically~*~*~ (stealth).
  2211 | D:2      | 2211 ||| Stepping ~*~*~tactically~*~*~ (hiding).
  2213 | D:2      | 2213 ||| Stepping ~*~*~tactically~*~*~ (hiding).
  2214 | D:2      | 2214 ||| Stepping ~*~*~tactically~*~*~ (hiding).
  2215 | D:2      | 2215 ||| Stepping ~*~*~tactically~*~*~ (hiding).
  2217 | D:2      | 2217 ||| Stepping ~*~*~tactically~*~*~ (hiding).
  2227 | D:2      | HP: 5/26 [goblin/+0 dagger[Robin] (5)]
  2227 | D:2      | Slain by Robin

Levels and vault maps discovered:
D:1:      heliophobic_arrival_battle_scene, layout_basic
D:2:      layout_basic, hellmonk_ecumenical_altar_watching_god, basic_altar,
          minmay_fractal_squares_gapless_5, uniq_jessica, uniq_robin

Skill      XL: |  1  2  3  4 |
---------------+-------------+-----
Axes           | 3 4 5 |  5.3
Fighting       | |  2.0
Throwing       | |  1.0
Armour         | |  1.1
Dodging        | |  2.1
Spellcasting   | |  2.0
Translocations | |  2.4

Action                   |  1- 3 |  4- 6 || total
-------------------------+-------+-------++-------
Melee: Hand axe          |    92 |    34 ||   126
       Kick              |    18 |     7 ||    25
       Peck              |    15 |     7 ||    22
       Punch             |     2 |       ||     2
Throw: Boomerang         |     7 |       ||     7
  Use: Scroll            |     2 |       ||     2
Armor: Leather armour    |    12 |       ||    12
       Ring mail         |    10 |     7 ||    17
Dodge: Dodged            |    39 |    19 ||    58

Table legend:
 A = Non-vault XP
 B = Vault XP
 C = Vault XP percentage of total XP
 D = Non-vault monster count
 E = Vault monster count
 F = Vault count percentage of total count
                 A         B        C        D         E       F
            +---------+---------+-------+---------+---------+-------
      Total |      87 |      59 |  40.4 |      40 |      12 |  23.1
            +---------+---------+-------+---------+---------+-------
        D:1 |      49 |       0 |   0.0 |      27 |       0 |   0.0
        D:2 |      38 |      59 |  60.8 |      13 |      12 |  48.0
            +---------+---------+-------+---------+---------+-------
